 Dungeon Crawl Stone Soup version 0.30-a0-1164-ge08a67761e (webtiles) character file.

Game seed: 6862342104008749181

1 ragingrage the Sneak (level 1, -17/20 HPs)
             Began as a Djinni Delver on Apr 29, 2023.
             Was an Initiate of Ashenzari.
             Demolished by an ogre
             ... wielding a +0 giant club
              (37 damage)
             ... on level 5 of the Dungeon.
             The game lasted 00:00:29 (109 turns).

ragingrage the Sneak (Djinni Delver)                 Turns: 109, Time: 00:00:29

Health: -17/20     AC:  3    Str: 11    XL:     1   Next: 22%
Gold:   0          EV: 12    Int: 11    God:    Ashenzari [......] SH:  0 Dex: 14

rFire   + + .        a - +0 falchion
rCold   x . .        (no shield)
rNeg    . . .        b - +0 leather armour
rPois   ∞            (no helmet)
rElec   .            (no cloak)
rCorr   .            (no gloves)
SInv    .            (boots unavailable)
Will    .....        (no amulet)
Stlth   ++           (no ring)
HPRegen 0.23/turn    (no ring)
MPRegen 0.00/turn

%: infuse magic (-18 HP)
@: flying, hasted, very quick
A: sickness immunity, fire resistance 2, cold vulnerability 1, float, innate
caster, HP casting, extra vitality 1
a: Renounce Religion


You were on level 5 of the Dungeon.
You worshipped Ashenzari.
Ashenzari was noncommittal.
You visited 2 branches of the dungeon, and saw 2 of its levels.

Inventory:

Hand Weapons
 a - a +0 falchion (weapon)
Armour
 b - a +0 leather armour (worn)
Wands
 g - a wand of digging (3)
Scrolls
 c - a scroll of fog
 e - a scroll of fear


   Skills:
 - Level 3.0 Fighting
 + Level 1.9 Long Blades
 - Level 2.1 Dodging
 - Level 4.1 Stealth You didn't know any spells. Your spell library was empty.

Dungeon Overview and Level Annotations

Branches:
Dungeon (5/15)             Temple (1/1) D:5

Altars:
Ashenzari
Cheibriados
Dithmenos
Elyvilon
Fedhas
Gozag
Makhleb
Nemelex Xobeh
Ru
Trog
Uskayaw
Wu Jian
Xom
Yredelemnul
Zin
The Shining One


Innate Abilities, Weirdness & Mutations

You are immune to sickness and miasma.
You are immune to poison.
Your flesh is very heat resistant. (rF++)
You are vulnerable to cold. (rC-)
You float through the air rather than walking.
You learn spells naturally, not from books.
Your magical power is your life essence.
You have superior vitality. (+4 MHP)


Message History

Unknown command.
Found a white marble altar of Elyvilon and an opulent altar of Gozag.
Found four altars.
Found two altars.
Found a shimmering blue altar of Sif Muna.
There is a transporter here.
You enter the transporter and appear at another place.
Unknown command.
There is a transporter here.
Found a blossoming altar of Fedhas.
Partly explored, unvisited transporter.
There is a transporter here.
There is a broken altar of Ashenzari here.
You hover solemnly before the altar of Ashenzari.
Ashenzari welcomes you!
Ashenzari warns you of distant threats and treasures.
Ashenzari reveals the structure of the dungeon to you.
Ashenzari shows you where magical portals lie.
There is a transporter landing site here.
There is a transporter here.
You enter the transporter and appear at another place.
Found a bloodstained altar of Trog.
There is a transporter here.
You enter the transporter and appear at another place.
There is a transporter here.
You enter the transporter and appear at another place.
There is a staircase back to the Dungeon here.
You feel yourself speed up.
You fly upwards.
You hear the hiss of flowing sand.
There is an entrance to an ossuary on this level.
Hurry and find it before the portal is buried!
You hear the slow hiss of a very distant avalanche of sand.
The ogre misses you.
A shadow imp comes into view.
You have a vision of a gate.
There is a staircase to the Ecumenical Temple here.
Unknown command.
As you read the scroll of magic mapping, it crumbles to dust.
You feel aware of your surroundings.
The ogre hits you with a +0 giant club!!!
Ouch! That really hurt!
You die...

*,,,*,*,,,,,,,***,*,,,,,,,,,,,,,,
*,*,*,*,,,...,,,,.,,,,,,*,**,****
,,,,,,,,,,,...,##.,,*,*,****,*
,,,,,..,*,**..,#..,,,,,,* *,*
,,**##.,*,**,..#.#*,*,*** *,*
,,,,....,,**,,.#.###*,******,****
,,,,.....,,,,,,....,,,,,,,,,,,,,,
*,**.....#######.###*,******,****
*,,,............@..#*,******,****
,,,,*#..........O>.#*,,,,,,,,,,,,
*,***#.......###...#*,,,,,,,,,,,,
*,* #...###.#####.....,,,,,,,,,,
#,####...###....#*###...,,,,,,,,,
#......[..##..O.#####....,,,,,,,,
,..###....##....'........,,,,,,,,
,..........#....#####..,.,,,,,,,,
,,.##....#.##...#,..,,,,,,,,,,,,,


You could see an ogre.

Vanquished Creatures
  A quokka (D:5)
1 creature vanquished.

Notes
Turn   | Place    | Note
-------+----------+-------------------------------------------
     0 | D:5      | ragingrage the Djinni Delver began the quest for the Orb.
     0 | D:5      | Reached XP level 1. HP: 20/20 MP: 0/0
    51 | D:5      | Noticed an ogre
    55 | D:5      | Found a staircase to the Ecumenical Temple.
    63 | Temple   | Entered the Ecumenical Temple
    63 | Temple   | Found a transporter.
    63 | Temple   | Found a transporter.
    65 | Temple   | Found a transporter.
    65 | Temple   | Found a transporter.
    85 | Temple   | Became a worshipper of Ashenzari the Shackled
   109 | D:5      | Demolished by an ogre

Illustrated notes

Levels and vault maps discovered:
D:5:      layout_basic, minmay_temple_entry_butterflies,
          nicolae_ossuary_entry_plus, water_boxes_lemuel
Temple:   hellmonk_temple_divided_pantheon

Action                     || total
---------------------------++-------
  Melee: Falchion          ||     6
    Use: Scroll            ||     1
         Potion            ||     1
  Dodge: Dodged            ||     8

Table legend: (Time is in decaauts)
 A = Elapsed time spent in this place.
 B = Non-inter-level travel time spent in this place.
 C = Inter-level travel time spent in this place.
 D = Time resting spent in this place.
 E = Time spent auto-exploring this place.
 F = Levels seen in this place.
 G = Mean time per level.
                   A        B        C        D        E       F      G
               +--------+--------+--------+--------+--------+-----+--------+
         Total |    109 |    102 |      7 |      4 |     30 |   2 |   54.5 |
       Dungeon |     66 |     66 |      0 |      4 |     22 |   1 |   66.0 |
        Temple |     43 |     36 |      7 |      0 |      8 |   1 |   43.0 |
               +--------+--------+--------+--------+--------+-----+--------+

Top non-repeatable levels by time:
     D:5: 66 daAuts
  Temple: 43 daAuts
